 Dungeon Crawl Stone Soup version 0.26-a0-859-gf57989e088 (webtiles) character file.

Game seed: 1328083509050795562

4459 Gargoyl the Fighter (level 10, -1/82 HPs)
             Began as a Gnoll Abyssal Knight on Nov 25, 2020.
             Was an Elder of Lugonu.
             Slain by a yak (9 damage)
             ... on level 9 of the Dungeon.
             The game lasted 00:10:57 (7998 turns).

Gargoyl the Fighter (Gnoll Abyssal Knight)          Turns: 7998, Time: 00:10:57

Health: -1/82      AC: 17    Str: 17    XL:     10   Next: 37%
Magic:  17/17      EV:  8    Int: 14    God:    Lugonu [****..]
Gold:   273        SH:  0    Dex: 16    Spells: 19/19 levels left

rFire    . . .     SeeInvis .   a - +3 hand axe
rCold    + . .     Faith    .   (no shield)
rNeg     . . .     Spirit   .   p - +0 plate armour {rC+}
rPois    .         Reflect  .   (no helmet)
rElec    .         Harm     .   q - +2 cloak
rCorr    .         Rampage  .   (no gloves)
MR       .....                  b - +0 pair of boots
Stlth    ..........             l - amulet of regeneration
HPRegen  0.63/turn              (no ring)
MPRegen  0.15/turn              (no ring)

@: mighty, lethally poisoned (-1 -> -2), invisible
A: distributed training, fangs 1, wild magic 1, MP-powered wands, strong nose
a: Depart the Abyss, Bend Space, Banish, Corrupt, Renounce Religion


You were on level 9 of the Dungeon.
You worshipped Lugonu.
Lugonu was greatly pleased with you.
You visited 1 branch of the dungeon, and saw 8 of its levels.
You visited the Abyss 1 time.

You collected 273 gold pieces.

Inventory:

Hand Weapons
 a - a +3 hand axe (weapon)
Missiles
 m - 32 poisoned darts (quivered)
Armour
 b - a +0 pair of boots (worn)
 p - a +0 plate armour of cold resistance (worn)
 q - a +2 cloak (worn)
Jewellery
 c - an uncursed ring of wizardry {unknown}
 l - an amulet of regeneration (around neck)
Wands
 h - a wand of digging (5)
 r - a wand of flame (18)
Scrolls
 f - 2 scrolls of blinking
 g - 5 scrolls of remove curse
 k - 5 scrolls of teleportation
 s - 2 scrolls of magic mapping
 t - 3 scrolls of identify
Potions
 e - a potion of mutation
 n - a potion of brilliance


   Skills:
 + Level 8.5 Fighting
 + Level 5.2 Short Blades
 + Level 5.2 Long Blades
 + Level 7.0 Axes
 + Level 5.2 Maces & Flails
 + Level 5.2 Polearms
 + Level 5.2 Staves
 + Level 5.2 Slings
 + Level 5.2 Bows
 + Level 5.2 Crossbows
 + Level 5.2 Throwing
 + Level 7.0 Armour
 + Level 5.9 Dodging
 + Level 5.2 Stealth
 + Level 5.2 Shields
 + Level 5.2 Unarmed Combat
 + Level 5.2 Spellcasting
 + Level 4.3 Conjurations
 + Level 4.3 Hexes
 + Level 4.3 Summonings
 + Level 4.3 Necromancy
 + Level 4.3 Translocations
 + Level 4.3 Transmutations
 + Level 4.3 Fire Magic
 + Level 4.3 Ice Magic
 + Level 4.3 Air Magic
 + Level 4.3 Earth Magic
 + Level 4.3 Poison Magic
 + Level 7.4 Invocations
 + Level 5.2 Evocations


You had 19 spell levels left.
You didn't know any spells.
Your spell library contained the following spells:

 Spells                   Type           Power        Failure   Level
 Corona                   Hex            ###....      77%         1
 Slow                     Hex            ###.....     88%         2
 Inner Flame              Hex/Fire       ###.....     98%         3
 Portal Projectile        Hex/Tloc       ###...       98%         3
 Cause Fear               Hex            ###.......   100%        4
 Leda's Liquefaction      Hex/Erth       ###.......   100%        4
 Bolt of Magma            Conj/Fire/Erth ###.......   100%        5
 Iskenderun's Battlesphe  Conj           ###.....     100%        5
 Iron Shot                Conj/Erth      ###.......   100%        6
 Orb of Destruction       Conj           ###.......   100%        7
 Spellforged Servitor     Conj/Summ      ###.......   100%        7


Dungeon Overview and Level Annotations

Branches:
Dungeon (7/15)             Temple (0/1) D:6

Altars:
Hepliaklqana
Makhleb
Qazlal
Sif Muna
Uskayaw
Vehumet

Annotations:
D:9 Erica


Innate Abilities, Weirdness & Mutations

Your experience applies equally to all skills.
You have very sharp teeth.
Your uncanny sense of smell can sniff out nearby items.
Your spells are a little harder to cast, but a little more powerful.
You expend magic power (3 MP) to strengthen your wands.


Message History

* * * LOW HITPOINT WARNING * * *
The yak gores you.
* * * LOW HITPOINT WARNING * * *
Something hits you but does no damage.
Unknown command.
You slash something! You hit the yak. You slash the yak!
You kill the yak!
Lugonu accepts your kill.
You feel sick. The yak gores you but does no damage.
Unknown command.
You closely miss something. Your bite misses something. You slash the yak!
You feel sick. Something hits you!
* * * LOW HITPOINT WARNING * * *
Something burns you.
* * * LOW HITPOINT WARNING * * *
The yak gores you but does no damage.
Unknown command.
You fade into invisibility!
Something hits you but does no damage. The yak gores you!
You die...

####### .....
.... #..# #..#
#..# #†@#
######Y{######
.$...........#
.............#
.............#
.............#
.............#
.............#
.............#


You could see a yak.

Vanquished Creatures
  Pikel (D:7)
  Grinder (D:4)
  Sigmund (D:6)
  4 yaks (D:9)
  Edmund (D:5)
  A water moccasin (D:5)
  2 black bears
  An orc warrior (D:7)
  2 sky beasts (D:6)
  2 ice beasts
  A phantom (D:7)
  A necrophage (D:6)
  4 ogres
  2 centaurs
  4 bullfrogs
  A water moccasin skeleton (D:6)
  2 scorpions
  A howler monkey (D:4)
  2 centaur zombies
  3 hounds (D:4)
  4 orc priests
  A jelly (D:5)
  6 orc wizards
  Crazy Yiuf (D:6)
  A centaur skeleton (D:5)
  3 iguanas
  4 worker ants
  A hound skeleton (D:4)
  11 gnolls
  10 adders
  A shadow imp (D:5)
  2 white imps
  An ooze (D:3)
  2 worms (D:3)
  2 dart slugs (D:1)
  5 leopard geckos
  11 orcs
  A ball python (D:4)
  9 bats
  10 giant cockroaches
  9 goblins
  5 hobgoblins
  19 jackals
  8 kobolds
  2 quokkas
  A ball python skeleton (D:4)
  5 frilled lizards
  A leopard gecko zombie (D:7)
  A quokka skeleton (D:6)
  9 rats
183 creatures vanquished.

Vanquished Creatures (others)
  An orc wizard (D:7)
1 creature vanquished.

Grand Total: 184 creatures vanquished

Notes
Turn   | Place    | Note
-------+----------+-------------------------------------------
     0 | Abyss:1  | Gargoyl the Gnoll Abyssal Knight began the quest for the
                  | Orb.
     0 | Abyss:1  | Reached XP level 1. HP: 23/23 MP: 3/3
    42 | Abyss:1  | Noticed an orange demon
    50 | D:1      | Escaped the Abyss
   183 | D:1      | Reached XP level 2. HP: 29/29 MP: 5/5
   186 | D:1      | Reached * piety under Lugonu
   780 | D:1      | Reached XP level 3. HP: 34/35 MP: 6/6
  1126 | D:2      | You fall into a shaft and drop 2 floors!
  1206 | D:4      | Noticed an ogre
  1229 | D:4      | Killed an ogre
  1230 | D:4      | Reached skill level 1 in Short Blades
  1230 | D:4      | Reached skill level 1 in Long Blades
  1230 | D:4      | Reached skill level 1 in Maces & Flails
  1230 | D:4      | Reached skill level 1 in Polearms
  1230 | D:4      | Reached skill level 1 in Staves
  1230 | D:4      | Reached skill level 1 in Slings
  1230 | D:4      | Reached skill level 1 in Bows
  1230 | D:4      | Reached skill level 1 in Crossbows
  1230 | D:4      | Reached skill level 1 in Throwing
  1230 | D:4      | Reached skill level 1 in Stealth
  1230 | D:4      | Reached skill level 1 in Shields
  1230 | D:4      | Reached skill level 1 in Unarmed Combat
  1230 | D:4      | Reached skill level 1 in Spellcasting
  1230 | D:4      | Reached skill level 1 in Conjurations
  1230 | D:4      | Reached skill level 1 in Hexes
  1230 | D:4      | Reached skill level 1 in Summonings
  1230 | D:4      | Reached skill level 1 in Necromancy
  1230 | D:4      | Reached skill level 1 in Translocations
  1230 | D:4      | Reached skill level 1 in Transmutations
  1230 | D:4      | Reached skill level 1 in Fire Magic
  1230 | D:4      | Reached skill level 1 in Ice Magic
  1230 | D:4      | Reached skill level 1 in Air Magic
  1230 | D:4      | Reached skill level 1 in Earth Magic
  1230 | D:4      | Reached skill level 1 in Poison Magic
  1230 | D:4      | Reached skill level 1 in Evocations
  1230 | D:4      | Reached XP level 4. HP: 41/41 MP: 7/7
  1380 | D:4      | Reached XP level 5. HP: 47/47 MP: 8/8
  1535 | D:4      | Found a shimmering blue altar of Sif Muna.
  1736 | D:3      | Reached ** piety under Lugonu
  1840 | D:2      | Reached skill level 5 in Invocations
  1905 | D:2      | Reached XP level 6. HP: 43/53 MP: 6/9
  2057 | D:2      | Found a hide-covered altar of Uskayaw.
  2471 | D:3      | Found a burning altar of Makhleb.
  2585 | D:3      | Reached skill level 5 in Axes
  2585 | D:3      | Reached skill level 5 in Armour
  3253 | D:4      | Reached XP level 7. HP: 59/59 MP: 10/10
  3354 | D:4      | Reached *** piety under Lugonu
  3386 | D:4      | Reached skill level 7 in Fighting
  3413 | D:4      | Found a radiant altar of Vehumet.
  4134 | D:5      | Entered Level 5 of the Dungeon
  4135 | D:5      | Noticed Grinder
  4137 | D:5      | Paralysed by something for 6 turns
  4152 | D:5      | Paralysed by something for 4 turns
  4364 | D:4      | Reached XP level 8. HP: 64/67 MP: 12/12
  4412 | D:4      | Paralysed by Grinder for 5 turns
  4418 | D:4      | HP: 2/67 [Grinder/nerve-wracking pain (8)]
  4419 | D:4      | Killed Grinder
  4787 | D:5      | Noticed Edmund
  4805 | D:5      | Killed Edmund
  5005 | D:5      | HP: 2/67 [white imp (3)]
  5328 | D:5      | Reached XP level 9. HP: 60/72 MP: 14/14
  5672 | D:5      | Found a hazy altar of Hepliaklqana.
  6173 | D:6      | Found a stormy altar of Qazlal.
  6439 | D:6      | Noticed Sigmund
  6449 | D:6      | Killed Sigmund
  6489 | D:6      | Found a staircase to the Ecumenical Temple.
  6506 | D:6      | Reached skill level 5 in Dodging
  6673 | D:6      | Reached **** piety under Lugonu
  6705 | D:6      | Reached skill level 8 in Fighting
  7080 | D:6      | Found a runed translucent door.
  7081 | D:6      | Noticed Crazy Yiuf
  7279 | D:6      | Killed Crazy Yiuf
  7717 | D:7      | Noticed Pikel
  7748 | D:7      | Killed Pikel
  7749 | D:7      | Reached XP level 10. HP: 72/80 MP: 15/17
  7829 | D:7      | Reached skill level 5 in Short Blades
  7829 | D:7      | Reached skill level 5 in Long Blades
  7829 | D:7      | Reached skill level 5 in Maces & Flails
  7829 | D:7      | Reached skill level 5 in Polearms
  7829 | D:7      | Reached skill level 5 in Staves
  7829 | D:7      | Reached skill level 5 in Slings
  7829 | D:7      | Reached skill level 5 in Bows
  7829 | D:7      | Reached skill level 5 in Crossbows
  7829 | D:7      | Reached skill level 5 in Throwing
  7829 | D:7      | Reached skill level 5 in Stealth
  7829 | D:7      | Reached skill level 5 in Shields
  7829 | D:7      | Reached skill level 5 in Unarmed Combat
  7829 | D:7      | Reached skill level 5 in Spellcasting
  7829 | D:7      | Reached skill level 5 in Evocations
  7954 | D:7      | You fall into a shaft and drop 2 floors!
  7971 | D:9      | Noticed Erica
  7982 | D:9      | Gained mutation: You expend magic power (3 MP) to
                  | strengthen your wands. [potion of mutation]
  7982 | D:9      | Gained mutation: Your spells are a little harder to cast,
                  | but a little more powerful. [potion of mutation]
  7998 | D:9      | Slain by a yak

Illustrated notes

Levels and vault maps discovered:
D:1:      wander_arrival_estate, layout_basic, serial_rivers,
          chequers_serial_rivers_large_a, chequers_serial_rivers_small_b,
          chequers_serial_rivers_room_b, chequers_serial_rivers_small_a
D:2:      layout_rooms, eat_drink_and_be_merry_uskayaw
D:3:      layout_loops_ring, nicolae_overflow_hidden_temple,
          minmay_misc_feat_hallway, kennysheep_big_empty_room
D:4:      layout_loops_corners, lemuel_doored_altar, kennysheep_little_box,
          kennysheep_small_spiral, grunt_ministairs_4
D:5:      layout_layer_cave, lemuel_round_altar, minmay_checkerbox,
          uniq_grinder, uniq_edmund
D:6:      minmay_octagon_keep, layout_basic, nicolae_overflow_crystal_walls,
          minmay_temple_entry_overgrown, nicolae_underground_beach,
          uniq_crazy_yiuf_cottage, uniq_sigmund
D:7:      layout_loops_ring, okawaru_ov_weapons_minmay, slow_altar_2, uniq_pikel
D:9:      layout_small_grid, orc_david_3, serial_shops, shop_statue, uniq_erica

Skill      XL: |  1  2  3  4  5  6  7  8  9 10 |
---------------+-------------------------------+-----
Short Blades   | 1 2 3 4 5 |  5.2
Long Blades    | 1 2 3 4 5 |  5.2
Maces & Flails | 1 2 3 4 5 |  5.2
Polearms       | 1 2 3 4 5 |  5.2
Staves         | 1 2 3 4 5 |  5.2
Slings         | 1 2 3 4 5 |  5.2
Bows           | 1 2 3 4 5 |  5.2
Crossbows      | 1 2 3 4 5 |  5.2
Throwing       | 1 2 3 4 5 |  5.2
Stealth        | 1 2 3 4 5 |  5.2
Shields        | 1 2 3 4 5 |  5.2
Unarmed Combat | 1 2 3 4 5 |  5.2
Spellcasting   | 1 2 3 4 5 |  5.2
Conjurations   | 1 2 3 4 |  4.3
Hexes          | 1 2 3 4 |  4.3
Summonings     | 1 2 3 4 |  4.3
Necromancy     | 1 2 3 4 |  4.3
Translocations | 1 2 3 4 |  4.3
Transmutations | 1 2 3 4 |  4.3
Fire Magic     | 1 2 3 4 |  4.3
Ice Magic      | 1 2 3 4 |  4.3
Air Magic      | 1 2 3 4 |  4.3
Earth Magic    | 1 2 3 4 |  4.3
Poison Magic   | 1 2 3 4 |  4.3
Evocations     | 1 2 3 4 5 |  5.2
Dodging        | 3 4 5 |  5.9
Invocations    | 5 6 7 |  7.4
Axes           | 5 6 7 |  7.0
Armour         | 5 6 7 |  7.0
Fighting       | 7 8 |  8.5

Action                   |  1- 3 |  4- 6 |  7- 9 | 10-12 || total
-------------------------+-------+-------+-------+-------++-------
Melee: Hand axe          |    82 |   189 |   373 |    76 ||   720
       Bite              |     8 |    17 |    50 |     9 ||    84
       Unarmed           |       |       |    13 |       ||    13
       Punch             |       |       |     6 |     2 ||     8
Throw: Dart              |       |       |    27 |       ||    27
Invok: Depart the Abyss  |     1 |       |       |       ||     1
  Use: Scroll            |     7 |     1 |     5 |       ||    13
       Potion            |       |       |     7 |     4 ||    11
 Stab: Sleeping          |     1 |       |       |       ||     1
       Confused          |       |       |     1 |       ||     1
Armor: Leather armour    |    24 |       |       |       ||    24
       Ring mail         |     2 |     2 |       |       ||     4
       Chain mail        |       |   144 |   178 |       ||   322
       Skin              |       |       |     5 |       ||     5
       Plate armour      |       |       |    51 |    52 ||   103
Dodge: Dodged            |    66 |   114 |   183 |    28 ||   391

Table legend: (Time is in decaauts)
 A = Elapsed time spent in this place.
 B = Non-inter-level travel time spent in this place.
 C = Inter-level travel time spent in this place.
 D = Time resting spent in this place.
 E = Time spent auto-exploring this place.
 F = Levels seen in this place.
 G = Mean time per level.
                   A        B        C        D        E       F      G
               +--------+--------+--------+--------+--------+-----+--------+
         Total |   8031 |   7816 |    215 |   1022 |   4837 |   9 |  892.3 |
       Dungeon |   7981 |   7766 |    215 |   1022 |   4796 |   8 |  997.6 |
         Abyss |     50 |     50 |      0 |      0 |     41 |   1 |   50.0 |
               +--------+--------+--------+--------+--------+-----+--------+

Top non-repeatable levels by time:
     D:4: 2119 daAuts
     D:5: 1375 daAuts
     D:6: 1202 daAuts
     D:1: 1047 daAuts
     D:3: 1009 daAuts
     D:2: 604 daAuts
     D:7: 578 daAuts
 Abyss:1: 50 daAuts
     D:9: 43 daAuts
